 Dungeon Crawl Stone Soup version 0.26-a0-642-g67e99244d3 (webtiles) character file.

Game seed: 12832579547247863791

422 MrRokkomies the Gusty (level 6, -2/32 HPs)
             Began as a Tengu Air Elementalist on Sept 23, 2020.
             Killed themself with a bounced zap (7 damage)
             ... on level 4 of the Dungeon.
             The game lasted 00:06:44 (4157 turns).

MrRokkomies the Gusty (Tengu Air Elementalist)      Turns: 4157, Time: 00:06:45

Health: -2/32      AC:  6    Str:  8    XL:     6   Next: 95%
Magic:  0/11       EV: 16    Int: 18    God:
Gold:   263        SH:  0    Dex: 14    Spells: 5/11 levels left

rFire    . . .     SeeInvis .   a - +0 dagger (venom)
rCold    . . .     Faith    .   (no shield)
rNeg     + . .     Spirit   .   i - +2 robe {rN+}
rPois    .         Reflect  .   (helmet restricted)
rElec    .         Harm     .   c - +1 cloak
rCorr    .         Rampage  .   (no gloves)
MR       .....                  (boots unavailable)
Stlth    ++........             (no amulet)
HPRegen  0.10/turn              (no ring)
MPRegen  0.12/turn              (no ring)

@: flying quickly and evasively, quick
A: beak, talons 3, able to fly
a: Stop Flying


You were on level 4 of the Dungeon.
You visited 1 branch of the dungeon, and saw 4 of its levels.

You collected 263 gold pieces.

Inventory:

Hand Weapons
 a - a +0 dagger of venom (weapon)
Missiles
 l - 16 poisoned darts (quivered)
Armour
 c - a +1 cloak (worn)
 i - a +2 robe of positive energy (worn)
Wands
 k - a wand of polymorph (10)
Scrolls
 f - a scroll of remove curse
 g - 2 scrolls of enchant weapon
Potions
 b - a potion of flight
 e - a potion of mutation


   Skills:
 + Level 3.7 Dodging
 - Level 2.0 Stealth
 + Level 3.2 Spellcasting
 * Level 5.2 Conjurations
 * Level 6.6 Air Magic


You had 5 spell levels left.
You knew the following spells:

 Your Spells              Type           Power        Failure   Level
a - Shock                 Conj/Air       ###.         1%          1
b - Swiftness             Air            ####....     1%          2
c - Static Discharge      Conj/Air       ###.....     4%          3

Your spell library contained the following spells:

 Spells                   Type           Power        Failure   Level
 Magic Dart               Conj           ###.         1%          1
 Searing Ray              Conj           ###...       2%          2
 Airstrike                Air            ####......   11%         4
 Dazzling Flash           Conj/Hex       ##....       17%         3
 Lightning Bolt           Conj/Air       ###.......   36%         5
 Fulminant Prism          Conj/Hex       ##........   50%         4
 Iskenderun's Mystic Bla  Conj/Tloc      ##......     50%         4


Dungeon Overview and Level Annotations

Branches:
Dungeon (4/15)
 Temple: D:4-7

Altars:
Dithmenos
Uskayaw


Innate Abilities, Weirdness & Mutations

You have a beak for a mouth.
You have claws for feet.
You can fly continuously.


Message History

The gnoll is lightly wounded.
The gnoll hits you from afar with a +0 spear.
Unknown command.
Casting: Shock (safe; 1% risk of failure)
Confirm with . or Enter, or press ? or * to list all spells.
You don't have enough magic to cast that spell.
The gnoll hits you from afar with a +0 spear!
* * * LOW HITPOINT WARNING * * *
Casting: Shock (safe; 1% risk of failure)
Confirm with . or Enter, or press ? or * to list all spells.
Aiming: Shock (safe; 1% risk of failure)
Press: ? - help, Shift-Dir - straight line, f/p - gnoll
Aim: a gnoll, wielding a +0 spear (lightly wounded) That beam is likely to hit you.
Continue anyway?
The zap hits the gnoll!
The gnoll is severely wounded.
The zap hits the gnoll!
You kill the gnoll!
The zap hits you!
You die...

##### #####
########...# ....##
##(.....#...#
.....###.(...).#...#
......#.......(##'##
......#(.(......@.#
......())...))))..#
......#.........))#
......#........##'#
.....###.......#)))#
....## ##......#.).#
##### ########...#
#####


There were no monsters in sight!

Vanquished Creatures
  2 big kobolds (D:4)
  A bullfrog skeleton (D:2)
  An orc wizard (D:3)
  A worker ant (D:4)
  Robin (D:3)
  3 gnolls (D:4)
  4 adders
  An ooze (D:2)
  A dart slug (D:1)
  2 leopard geckos
  3 orcs (D:3)
  9 bats
  3 giant cockroaches
  28 goblins
  19 hobgoblins
  6 jackals
  10 kobolds
  A quokka (D:2)
  2 ball pythons
  4 frilled lizards
  7 rats
109 creatures vanquished.

Notes
Turn   | Place    | Note
-------+----------+-------------------------------------------
     0 | D:1      | MrRokkomies the Tengu Air Elementalist began the quest for
                  | the Orb.
     0 | D:1      | Reached XP level 1. HP: 10/10 MP: 4/4
   139 | D:1      | Reached XP level 2. HP: 15/15 MP: 1/6
   491 | D:1      | Reached XP level 3. HP: 19/19 MP: 4/7
   550 | D:1      | Learned a level 2 spell: Swiftness
   585 | D:1      | Learned a level 3 spell: Static Discharge
  1325 | D:2      | Found a hide-covered altar of Uskayaw.
  1335 | D:2      | Reached XP level 4. HP: 17/24 MP: 0/8
  1539 | D:2      | Reached skill level 5 in Air Magic
  2287 | D:3      | Found a shadowy altar of Dithmenos.
  2559 | D:3      | Gained mutation: You can fly continuously. [Tengu growth]
  2559 | D:3      | Reached XP level 5. HP: 28/28 MP: 7/10
  2820 | D:3      | Found a faded altar of an unknown god.
  2941 | D:3      | Noticed Robin
  2947 | D:3      | Killed Robin
  3685 | D:4      | Reached XP level 6. HP: 29/32 MP: 4/11
  3808 | D:4      | Reached skill level 6 in Air Magic
  3861 | D:4      | Reached skill level 5 in Conjurations
  4157 | D:4      | Killed themself with a bounced zap

Illustrated notes

Levels and vault maps discovered:
D:1:      wheals_arrival_linesprint, layout_basic, minmay_tetromino_i2
D:2:      layout_rooms, old_standard_altar
D:3:      layout_basic, chequers_ecumenical_altar_simple,
          corexii_hall_statues_s, kennysheep_nondescript,
          grunt_dithmenos_smoke_and_mirrors, uniq_robin
D:4:      minmay_goblin_kobold_castle, layout_loops_ring,
          minmay_temple_entry_grid, uniq_pikel, uniq_duvessa

Skill      XL: |  1  2  3  4  5  6 |
---------------+-------------------+-----
Conjurations   | 2 3 4 5 |  5.2
Air Magic      | 5 6 |  6.6
Dodging        | 3 |  3.7
Spellcasting   | 3 |  3.2
Stealth        | |  2.0

Action                   |  1- 3 |  4- 6 || total
-------------------------+-------+-------++-------
Melee: Unarmed           |    31 |    11 ||    42
       Kick              |     7 |    15 ||    22
       Peck              |     2 |    13 ||    15
       Dagger            |       |    59 ||    59
 Cast: Shock             |    51 |    69 ||   120
       Static Discharge  |       |     6 ||     6
 Abil: Fly               |       |     1 ||     1
  Use: Scroll            |     4 |     4 ||     8
       Potion            |     2 |     2 ||     4
 Stab: Sleeping          |     2 |       ||     2
       Distracted        |       |     1 ||     1
       Invisible         |       |     1 ||     1
Armor: Robe              |     8 |    32 ||    40
Dodge: Dodged            |    32 |    99 ||   131

Table legend: (Time is in decaauts)
 A = Elapsed time spent in this place.
 B = Non-inter-level travel time spent in this place.
 C = Inter-level travel time spent in this place.
 D = Time resting spent in this place.
 E = Time spent auto-exploring this place.
 F = Levels seen in this place.
 G = Mean time per level.
                   A        B        C        D        E       F      G
               +--------+--------+--------+--------+--------+-----+--------+
         Total |   4149 |   4051 |     98 |    524 |   3001 |   4 | 1037.2 |
       Dungeon |   4149 |   4051 |     98 |    524 |   3001 |   4 | 1037.2 |
               +--------+--------+--------+--------+--------+-----+--------+

Top non-repeatable levels by time:
     D:3: 1289 daAuts
     D:1: 1159 daAuts
     D:2: 1115 daAuts
     D:4: 584 daAuts
